 Dungeon Crawl Stone Soup version 0.25-a0-890-g62861fb (webtiles) character file.

Game seed: 5910433281186908452, levelgen mode: deterministic

96 ASSMAN the Cutter (level 4, -6/28 HPs)
             Began as a Kobold Chaos Knight on May 10, 2020.
             Was a Plaything of Xom.
             Mangled by an orc priest
             ... wielding a +1 flail of protection
              (10 damage)
             ... on level 3 of the Dungeon.
             The game lasted 00:02:59 (1874 turns).

ASSMAN the Cutter (Kobold Chaos Knight)             Turns: 1874, Time: 00:03:00

Health: -6/28      AC:  6    Str:  9    XL:     4   Next: 98%
Magic:  4/4        EV: 14    Int: 13    God:    Xom [..*...]
Gold:   100        SH:  0    Dex: 15    Spells: 3/3 levels left

rFire    . . .     SeeInvis .   a - +0 short sword (chaos)
rCold    . . .     Gourm    .   (shield restricted)
rNeg     . . .     Faith    .   b - +3 leather armour
rPois    .         Spirit   .   (no helmet)
rElec    .         Reflect  .   (no cloak)
rCorr    .         Harm     .   (no gloves)
MR       .....                  (no boots)
Stlth    ++........             (no amulet)
HPRegen  0.09/turn              (no ring)
MPRegen  0.09/turn              (no ring)

@: no status effects
A: small, carnivore
a: Renounce Religion


You were on level 3 of the Dungeon.
You worshipped Xom.
You were a toy of Xom.
You were not hungry.

You visited 1 branch of the dungeon, and saw 3 of its levels.

You collected 100 gold pieces.

Inventory:

Hand Weapons
 a - a +0 short sword of chaos (weapon)
Missiles
 g - 2 throwing nets (quivered)
Armour
 b - a +3 leather armour (worn)
Jewellery
 j - a cursed -3 ring of strength {unknown}
Scrolls
 d - a scroll of noise
 e - 2 scrolls of identify
Comestibles
 c - 4 rations
 i - a chunk of flesh


   Skills:
 - Level 3.2 Fighting
 + Level 5.7 Short Blades
 - Level 0.7 Armour
 - Level 2.4 Dodging
 + Level 4.1 Stealth


You had 3 spell levels left.
You didn't know any spells.
Your spell library contained the following spells:

 Spells                   Type           Power        Failure   Level  Hunger
 Animate Skeleton         Necr           N/A          38%         1    ##.....
 Apportation              Tloc           #.....       38%         1    ##.....
 Corona                   Hex            #......      38%         1    ##.....
 Summon Small Mammal      Summ           #...         38%         1    ##.....


Dungeon Overview and Level Annotations

Branches:
Dungeon (3/15)

Altars:


Innate Abilities, Weirdness & Mutations

You are small and have problems with some larger weapons.
You are carnivorous and can eat meat at any time.


Message History

The orc priest invokes the aid of Beogh against you.
Beogh smites you!
Ouch! That really hurt!
* * * LOW HITPOINT WARNING * * *
You hear a shout!
You aren't carrying any potions.
As you read the scroll labeled XIRCHI WUSMI, it crumbles to dust.
It is a scroll of identify.
d - a scroll of noise
As you read the scroll labeled ALEULAN HEXAN, it crumbles to dust.
It is a scroll of enchant armour.
Your +2 leather armour glows green for a moment.
The orc priest invokes the aid of Beogh against you.
You barely resist.
As you read the scroll labeled PAUCSAICHIN, it crumbles to dust.
It is a scroll of amnesia.
You feel forgetful for a moment.
The orc priest hits you with a +1 flail of protection!
You die...
Xom roars with laughter!

# #.# #.# #.# #[#
#†# #.# ## #.#..#
##########.#..#.#
........@oo.....#
.#########.#......
#............
#...........#
..............#
.....?........#
.o............#
oo.[#####...?.#
.o.. ######


You could see an orc priest and an orc.

Vanquished Creatures
  Jessica (D:2)
  2 gnolls
  An adder (D:2)
  A worm (D:3)
  A dart slug (D:3)
  An orc (D:3)
  2 bats (D:2)
  3 giant cockroaches
  3 goblins
  3 hobgoblins
  A ball python (D:3)
  3 frilled lizards
  5 kobolds
  4 rats
31 creatures vanquished.

Vanquished Creatures (collateral kills)
  A gnoll (D:2)
1 creature vanquished.

Grand Total: 32 creatures vanquished

Notes
Turn   | Place    | Note
-------+----------+-------------------------------------------
     0 | D:1      | ASSMAN the Kobold Chaos Knight began the quest for the Orb.
     0 | D:1      | Reached XP level 1. HP: 14/14 MP: 1/1
   102 | D:1      | Reached skill level 1 in Stealth
   223 | D:1      | Reached XP level 2. HP: 19/19 MP: 2/2
   694 | D:2      | Noticed Jessica
   710 | D:2      | XOM: smoke on damage
   713 | D:2      | Killed Jessica
   713 | D:2      | Reached skill level 5 in Short Blades
   713 | D:2      | Reached XP level 3. HP: 3/23 MP: 3/3
  1005 | D:2      | XOM: divination: magic mapping
  1019 | D:2      | Reached XP level 4. HP: 28/28 MP: 4/4
  1095 | D:2      | XOM: confuse monster(s)
  1494 | D:2      | XOM: summons 2 friendly demons
  1869 | D:3      | XOM: silly message
  1874 | D:3      | Mangled by an orc priest

Levels and vault maps discovered:
D:1:      scummos_arrival_gate, layout_loops_ring, minmay_hexomino_p4
D:2:      layout_rooms, uniq_jessica
D:3:      layout_basic, saegor_snake_ambush

Skill      XL: |  1  2  3  4 |
---------------+-------------+-----
Stealth        | 1 3 4 |  4.1
Short Blades   | 5 |  5.7
Fighting       | |  3.2
Armour         | |  0.7
Dodging        | |  2.4

Action                   |  1- 3 |  4- 6 || total
-------------------------+-------+-------++-------
Melee: Short sword       |    60 |    58 ||   118
  Use: Scroll            |       |     3 ||     3
       Potion            |       |     3 ||     3
 Stab: Paralysed         |     1 |     1 ||     2
       Sleeping          |     1 |       ||     1
  Eat: Chunk             |     2 |     3 ||     5
Armor: Leather armour    |     9 |     6 ||    15
       Skin              |       |    11 ||    11
Dodge: Dodged            |    31 |    39 ||    70

Table legend:
 A = Non-vault XP
 B = Vault XP
 C = Vault XP percentage of total XP
 D = Non-vault monster count
 E = Vault monster count
 F = Vault count percentage of total count
                 A         B        C        D         E       F
            +---------+---------+-------+---------+---------+-------
      Total |      96 |      42 |  30.4 |      27 |       5 |  15.6
            +---------+---------+-------+---------+---------+-------
        D:1 |      27 |       5 |  15.6 |       9 |       4 |  30.8
        D:2 |      56 |      37 |  39.8 |      14 |       1 |   6.7
        D:3 |      13 |       0 |   0.0 |       4 |       0 |   0.0
            +---------+---------+-------+---------+---------+-------
